AoeStats
← bkg45

QS Arena

503203961Analyzed
3v3 RM · 1mo ago on Aug 30, 2026· 48m 35s· 6 players
Game mode
Random Map
Map size
Normal (6 player)
Population
200
Speed
Normal
Resources
Standard
Victory
Conquest
Starting age
Dark Age
Ending age
Imperial Age
RankedLock teamsTeams togetherTeam positionsShared explorationLock speedFull tech treeHidden civsTurbo modeCheats
Victory
Defeat
🇮🇳 Aztecs · India
1330
+12
🇮🇳 Sicilians · India
1314
+13
🇮🇳 Britons · India
1299
+14
🇺🇸 Burgundians · United States
1354
-18
🇺🇸 Romans · United States
1265
-14
🇺🇸 Vietnamese · United States
1120
-14
PsyBorg
4:53 Loom
7:16 Feudal Age
11:07 Castle Age
8:56 Loom
9:35 Double-Bit Axe
11:13 Gold Mining
11:05 Horse Collar
17:19 Scale Mail Armor
18:27 Redemption
21:14 Fervor
26:27 Wheelbarrow
25:49 Eagle Warrior
27:31 Elite Skirmisher
28:03 Fletching
28:13 Padded Archer Armor
31:05 Bodkin Arrow
31:26 Leather Archer Armor
31:35 Hand Cart
35:36 Imperial Age
34:25 Squires
34:42 Chain Mail Armor
35:40 Elite Eagle Warrior
36:06 Arson
36:26 Bracer
38:59 Plate Mail Armor
38:39 Forging
39:04 Ballistics
39:44 Chemistry
40:28 Atlatl
41:05 Atlatl
41:26 Conscription
42:00 Iron Casting
43:51 Caravan
45:13 Gold Shaft Mining
44:04 Pikeman
45:14 Garland Wars
46:09 Blast Furnace
✪ rockhound ツ
9:05 Feudal Age
13:34 Castle Age
11:59 Double-Bit Axe
11:58 Horse Collar
14:23 Loom
14:46 Heavy Plow
20:06 Wheelbarrow
20:32 Bow Saw
21:00 Town Watch
23:12 Hand Cart
25:00 Gold Mining
25:01 Stone Mining
28:34 Imperial Age
26:49 Gold Shaft Mining
26:51 Stone Shaft Mining
26:07 Light Cavalry
27:00 Bloodlines
26:50 Husbandry
27:18 Masonry
28:38 Ballistics
28:13 Murder Holes
29:12 Scale Barding Armor
29:17 Forging
28:38 Cavalier
29:55 Pikeman
30:36 Squires
31:39 Crop Rotation
31:32 Chain Barding Armor
31:48 Iron Casting
31:04 Fletching
31:14 Scale Mail Armor
32:30 Chemistry
31:35 Siege Engineers
30:54 Halberdier
32:03 Arson
33:12 Town Patrol
34:23 Conscription
35:31 Chain Mail Armor
36:17 Blast Furnace
35:08 Fletching
37:06 Coinage
36:38 Caravan
37:56 Plate Mail Armor
37:45 Elite Serjeant
38:34 Hauberk
38:26 Gambesons
39:53 Banking
39:33 Guilds
41:36 Hoardings
40:26 Capped Ram
42:48 Plate Barding Armor
42:09 Bodkin Arrow
42:17 Padded Archer Armor
Adi
2:34 Loom
9:15 Feudal Age
10:13 Double-Bit Axe
10:11 Horse Collar
12:54 Castle Age
10:41 Horse Collar
21:52 Bow Saw
22:34 Wheelbarrow
22:01 Heavy Plow
23:49 Hand Cart
26:54 Imperial Age
24:39 Town Watch
25:01 Fletching
25:12 Padded Archer Armor
25:34 Ballistics
26:31 Yeomen
26:17 Bodkin Arrow
26:23 Padded Archer Armor
26:26 Stone Mining
26:26 Gold Mining
26:32 Stone Mining
26:44 Town Watch
27:43 Bracer
28:46 Chemistry
27:22 Capped Ram
27:54 Elite Longbowman
29:43 Conscription
29:00 Capped Ram
30:41 Leather Archer Armor
32:31 Ring Archer Armor
32:50 Gold Shaft Mining
33:15 Murder Holes
33:25 Siege Engineers
33:49 Squires
33:10 Pikeman
34:13 Warwolf
35:39 Town Patrol
38:24 Hoardings
42:37 Caravan
43:15 Fortified Wall
43:15 Masonry
42:46 Treadmill Crane
46:26 Architecture
46:14 Guilds
46:13 Husbandry
45:34 Light Cavalry
45:34 Cavalier
nprhino_aoe
3:40 Double-Bit Axe
5:00 Horse Collar
8:46 Feudal Age
12:49 Castle Age
11:34 Bow Saw
15:02 Heavy Plow
19:32 Wheelbarrow
18:42 Loom
20:58 Gold Mining
22:29 Stone Mining
22:35 Light Cavalry
26:15 Imperial Age
24:07 Husbandry
24:22 Forging
25:13 Scale Barding Armor
25:00 Cavalier
26:17 Iron Casting
26:07 Hand Cart
27:31 Chain Barding Armor
28:52 Paladin
30:26 Conscription
31:14 Chemistry
31:43 Plate Barding Armor
42:59 Hussar
48:29 Blast Furnace
-- .- -. .. ... ....
9:12 Feudal Age
9:32 Loom
13:49 Castle Age
12:55 Stone Mining
14:54 Double-Bit Axe
16:24 Wheelbarrow
19:11 Bow Saw
22:33 Scale Mail Armor
25:31 Forging
25:38 Chain Mail Armor
26:57 Horse Collar
27:26 Murder Holes
27:23 Heated Shot
32:58 Hand Cart
37:57 Imperial Age
37:46 Ballistics
38:07 Elite Rattan Archer
41:11 Chemistry
44:07 Iron Casting
43:38 Scale Barding Armor
45:01 Elite Skirmisher
46:29 Plate Mail Armor
45:50 Fletching
46:00 Padded Archer Armor
48:16 Two-Man Saw
bkg45
8:32 Feudal Age
9:51 Double-Bit Axe
12:08 Castle Age
10:08 Horse Collar
14:10 Bow Saw
16:20 Loom
18:27 Town Watch
21:35 Fletching
34:10 Imperial Age
32:52 Heavy Plow
33:34 Wheelbarrow
33:00 Scale Mail Armor
33:10 Forging
33:12 Gold Mining
33:13 Stone Mining
34:09 Chain Mail Armor
35:50 Iron Casting
34:38 Capped Ram
36:05 Ballistics
36:11 Conscription
36:33 Ballistas
38:00 Blast Furnace
36:44 Heavy Scorpion
37:54 Elite Centurion
38:41 Scale Barding Armor
39:10 Siege Engineers
40:05 Chemistry
39:46 Siege Ram
40:44 Bodkin Arrow
44:24 Chain Barding Armor
46:13 Bloodlines
46:04 Husbandry
47:38 Plate Barding Armor
Connection lost

Rejoining the realm…

Still unreachable

The connection could not be restored.

Session expired

The server has moved on; the page needs a fresh start.